Map: [ESL] Moondance

Players

HeroMarine - Winner!

  • Race: Terran Terran
  • Spawn Location: 12:00

Spirit

  • Race: Terran Terran
  • Spawn Location: 6:00

Event: DreamHack SC2 Masters 2022 Valencia

VOD

Have the link to the VOD?

Description

Time

  • Played on: July 2, 2022, 7:59 a.m.
  • Length: 9:39

All games in this series

Show
View Real Time Build Order
Export as new Build Order

HeroMarine Terran - Winner!

Build Orders:  

Get SALT Encoding   

  12  0:00  SCV  
  13  0:12  SCV  
  14  0:17  Supply Depot  
  14  0:24  SCV  
  15  0:39  SCV  
  15  0:41  Barracks  
  16  0:43  Refinery  
  16  0:51  SCV  
  16  0:53  Refinery  
  17  1:03  SCV  
  18  1:15  SCV  
  19  1:27  Orbital Command, Reaper  
  20  1:33  Supply Depot  
  20  1:41  Factory  
  20  1:53  SCV  
  21  2:00  Reaper  
  22  2:05  SCV  
  23  2:15  Command Center  
  23  2:17  SCV  
  24  2:25  Hellion  
  24  2:29  SCV  
  27  2:33  Reaper  
  27  2:36  Supply Depot  
  28  2:41  SCV  
  29  2:47  Hellion  
  29  2:49  Starport  
  31  2:58  SCV  
  32  3:05  Barracks Tech Lab  
  32  3:08  Factory Tech Lab  
  32  3:10  SCV  
  33  3:16  Refinery  
  33  3:22  SCV  
  34  3:33  Banshee, Cyclone  
  41  3:37  Orbital Command, SCV  
  40  3:49  SCV  
  40  3:53  Barracks Reactor  
  40  4:02  SCV  
  41  4:03  SCV  
  41  4:05  Cyclone  
  45  4:12  Command Center  
  45  4:14  SCV  
  45  4:15  SCV  
  47  4:17  Raven  
  47  4:21  Supply Depot  
  49  4:26  SCV  
  49  4:27  SCV  
  53  4:33  Supply Depot  
  53  4:37  Siege Tank  
  54  4:43  Refinery, SCV x2, Marine  
  54  4:44  Marine  
  58  4:48  Supply Depot  
  58  4:55  SCV  
  59  5:00  Raven  
  59  5:02  SCV  
  59  5:04  Marine x2  
  64  5:07  SCV  
  63  5:14  SCV  
  63  5:15  Siege Tank  
  63  5:19  SCV  
  60  5:22  Marine x2  
  60  5:26  SCV  
  51  5:36  SCV  
  51  5:38  Orbital Command  
  51  5:39  SCV  
  52  5:47  Siege Tank  
  52  5:48  SCV  
  56  5:51  SCV  
  54  6:00  SCV  
  54  6:01  Viking  
  54  6:03  Viking, SCV  
  60  6:04  SCV  
  60  6:12  SCV  
  60  6:15  SCV  
  60  6:16  SCV  
  63  6:19  Stimpack  
  63  6:25  SCV  
  65  6:27  SCV  
  65  6:28  SCV  
  65  6:30  Siege Tank  
  70  6:37  SCV, Marine  
  72  6:40  SCV x2  
  72  6:43  Viking  
  72  6:45  Barracks  
  72  6:46  Barracks  
  75  6:47  Viking  
  75  6:49  SCV  
  75  6:52  SCV  
  75  6:53  SCV  
  80  6:58  Marine  
  80  7:01  SCV  
  82  7:02  Supply Depot  
  82  7:03  Supply Depot  
  82  7:04  SCV  
  82  7:05  SCV  
  84  7:10  Siege Tank  
  84  7:15  Engineering Bay  
  88  7:16  Engineering Bay, SCV  
  63  7:22  Viking x2  
  88  7:24  SCV x2  
  88  7:28  SCV, Marine  
  96  7:35  Barracks Reactor  
  96  7:36  SCV x2, Barracks Reactor  
  98  7:40  SCV  
  99  7:46  Marine  
  99  7:48  SCV x2  
  99  7:50  Refinery  
  102  7:53  SCV  
  102  7:54  Barracks x2  
  102  7:58  Siege Tank  
  106  8:00  SCV x2  
  106  8:05  SCV  
  109  8:10  Viking  
  109  8:12  SCV  
  109  8:19  SCV x2, Marine  
  109  8:20  Viking  
  109  8:23  Marine x2  
  109  8:24  SCV  
  109  8:25  Marine x2  
  107  8:30  Siege Tank  
  108  8:37  Marine  
  108  8:40  Viking, Marine, Supply Depot  
  108  8:41  Marine, Supply Depot  
  108  8:43  Marine  
  108  8:44  Marine  
  109  8:50  Viking  
  109  8:53  Command Center  
  109  8:55  Marine  
  110  8:58  Marine  
  110  8:59  Marine  
  110  9:00  Barracks Reactor  
  110  9:01  Marine, Barracks Reactor  
  110  9:02  Marine  
  112  9:03  SCV x2, Armory  
  112  9:04  SCV, Supply Depot  
  115  9:13  Marine  
  115  9:15  SCV x2  
  115  9:16  Marine  
  115  9:17  Marine  
  117  9:20  Marine x2  
  124  9:26  SCV  
Show
View Real Time Build Order
Export as new Build Order

Spirit Terran 

Build Orders:  

Get SALT Encoding   

  12  0:00  SCV  
  13  0:12  SCV  
  14  0:16  Supply Depot  
  14  0:24  SCV  
  15  0:38  SCV  
  15  0:40  Barracks  
  16  0:45  Refinery  
  16  0:50  SCV  
  16  0:54  Refinery  
  17  1:02  SCV  
  18  1:14  SCV  
  19  1:28  Orbital Command, Reaper  
  20  1:35  Supply Depot  
  20  1:46  Factory  
  20  1:54  SCV  
  21  2:02  Reaper  
  21  2:06  SCV  
  23  2:18  Command Center  
  23  2:21  SCV  
  24  2:32  Hellion  
  24  2:33  SCV  
  24  2:34  Reaper  
  26  2:45  SCV  
  26  2:49  Supply Depot  
  27  2:53  Hellion  
  27  2:57  SCV  
  30  2:59  Starport  
  30  3:09  Reaper  
  30  3:11  SCV  
  32  3:14  Hellion  
  34  3:23  SCV  
  34  3:35  SCV  
  34  3:36  Factory Tech Lab, Starport Tech Lab  
  35  3:46  Barracks Reactor  
  35  3:47  SCV  
  33  3:54  Refinery  
  33  3:55  Banshee  
  36  3:59  Orbital Command, SCV, Cyclone  
  40  4:11  SCV  
  41  4:17  Supply Depot  
  41  4:22  Marine x2  
  41  4:23  SCV  
  44  4:25  SCV  
  45  4:35  SCV  
  45  4:37  SCV  
  45  4:38  Raven  
  49  4:40  Marine x2  
  51  4:47  SCV  
  51  4:50  SCV, Siege Tank  
  56  4:55  Command Center  
  56  4:59  SCV  
  57  5:02  SCV  
  55  5:12  SCV  
  55  5:13  Marine x2  
  55  5:14  SCV  
  50  5:22  Siege Tank  
  50  5:24  SCV  
  50  5:26  SCV  
  51  5:31  Marine x2  
  51  5:33  Raven  
  55  5:36  SCV  
  55  5:38  SCV  
  57  5:48  SCV, Marine  
  57  5:49  Marine  
  60  5:50  SCV  
  61  5:57  Siege Tank  
  61  6:00  SCV  
  61  6:01  Refinery  
  62  6:06  SCV, Marine x2  
  62  6:09  Orbital Command  
  65  6:12  SCV  
  66  6:18  SCV  
  66  6:21  Barracks x2  
  66  6:24  SCV  
  68  6:27  Orbital Command  
  68  6:29  Siege Tank  
  68  6:30  SCV  
  72  6:34  Viking x2  
  72  6:36  SCV  
  77  6:40  Stimpack  
  77  6:45  Marine  
  77  6:46  Supply Depot x2  
  77  6:47  SCV  
  77  6:48  SCV  
  77  6:52  SCV  
  74  6:59  SCV  
  73  7:02  SCV  
  73  7:06  Viking x2  
  77  7:17  Supply Depot  
  77  7:27  SCV  
  77  7:38  Viking, Supply Depot, SCV x2, Siege Tank, Barracks Reactor  
  77  7:39  SCV, Supply Depot  
  85  7:45  Barracks Reactor  
  85  7:50  SCV x2  
  87  7:51  Engineering Bay, SCV  
  87  7:52  Engineering Bay  
  87  7:53  Marine  
  88  8:02  SCV x2  
  88  8:03  SCV  
  91  8:07  Viking  
  91  8:08  Viking  
  91  8:11  Marine  
  96  8:14  SCV x2  
  96  8:16  SCV, Siege Tank  
  101  8:27  SCV  
  87  8:37  Viking  
  87  8:38  Viking  
  87  8:40  SCV  
  87  8:44  Orbital Command  
  87  8:45  Marine  
  87  8:46  Marine x2  
  87  8:47  SCV  
  82  8:58  SCV  
  82  8:59  SCV  
  80  9:10  SCV x2  
  80  9:11  SCV  
  80  9:12  Marine  
  80  9:19  Marine  
  80  9:20  Marine x3  

Tags
 
Add a new tag
Caveats
  • Supply blocks, unpowered buildings, or Contaminate may cause inaccurate times.
  • Supply counts are checked every 10 seconds.